[Event "FISU WUMSCC Men 2024"]
[Site "Entebbe"]
[Date "2024.06.27"]
[Round "4.1"]
[White "Szpar, Milosz"]
[Black "Horak, Martin"]
[Result "1-0"]
[ECO "C42"]
[WhiteElo "2497"]
[BlackElo "2333"]
[Annotator "TA"]
[PlyCount "75"]
[EventDate "2024.06.24"]
[EventType "swiss"]
[EventCountry "UGA"]
[SourceTitle "playchess.com"]
[Source "ChessBase"]
[SourceQuality "1"]
[TimeControl "5400+30"]

1. e4 e5 2. Nf3 Nf6 3. Nxe5 d6 4. Nf3 Nxe4 5. Nc3 Nxc3 6. dxc3 Be7 7. Bf4 Nc6 8. Qd2 Be6 9. O-O-O Qd7 10. Kb1 O-O-O 11. Ng5 Bxg5 {[%emt 0:01:47] The position is equal.} 12. Bxg5 f6 13. Be3 a6 14. b3 h5 15. h4 Bg4 16. f3 Bf5 17. Bc4 Qe8 18. Rhe1 Qg6 19. Bf1 Rhe8 20. Kb2 Re7 21. Bf4 Rde8 22. Rxe7 Rxe7 23. c4 Qe8 24. Qc3 Qd7 25. a4 a5 26. c5 d5 27. Bb5 $36 {[%emt 0:01:31][%mdl 2048] Black is under pressure.} Qe6 ({Better is} 27... d4 $14 28. Qc4 Be6 (28... Qe6 29. Qxe6+ Rxe6 30. Rd2 $14) 29. Bxc6 Qxc6) 28. Qd2 {[%emt 0:05:38] White is more active.} d4 29. Bxc6 Qxc6 30. Qxa5 {[%emt 0:01:22] Hoping for Qa8+.} (30. Qxd4 Rd7 31. Qg1 Rxd1 32. Qxd1 Qxc5 $16) 30... d3 31. cxd3 Re2+ 32. Ka3 $1 {[%emt 0:03:27] d4 is the strong threat.} Rxg2 $2 {[%emt 0:12:43][%mdl 8192] Black cannot hold the game after this.} (32... Be6 $16 {is a better chance.} 33. d4 Bd5) 33. d4 (33. Re1 $142 {Intending Qa8+ and mate.} Kd7 (33... g5 34. Qa8+ Kd7 35. Qe8#) 34. Bxc7 Qxf3 (34... Qxc7 $2 {perishes.} 35. Re7+ Kxe7 36. Qxc7+ $18) 35. Bd6) 33... g5 $2 (33... Rc2 34. Qa8+ Kd7) 34. d5 $18 b6 {[%emt 0:00:21] [#]} 35. Qa6+ $1 {[%emt 0:01:11] White mates.} Qb7 {[%emt 0:00:10] [#]} 36. Qb5 $1 Kb8 37. c6 Qa7 38. d6 {[%emt 0:00:26] Weighted Error Value: White=0.20 (precise) /Black=0.30.  Loses game:     	---       	Black=1      Mistake:       	White=1     	Black=2      OK:         	White=14    	Black=5      Best:        	White=1     	Black=1      Strong:       	White=1     	---} 1-0

[Event "FISU WUMSCC Men 2024"]
[Site "Entebbe"]
[Date "2024.06.27"]
[Round "4.2"]
[White "Turcan, Richard"]
[Black "Gatineau, Yovann"]
[Result "1/2-1/2"]
[ECO "C09"]
[WhiteElo "2374"]
[BlackElo "2414"]
[Annotator "RC"]
[PlyCount "99"]
[EventDate "2024.06.24"]
[EventType "swiss"]
[EventCountry "UGA"]
[SourceTitle "playchess.com"]
[Source "ChessBase"]
[SourceQuality "1"]
[TimeControl "5400+30"]

1. e4 e6 2. d4 d5 3. Nd2 c5 4. exd5 exd5 5. Ngf3 Nc6 6. Bb5 cxd4 7. O-O Bd6 8. Nb3 Nge7 9. Nbxd4 O-O 10. Be3 Qc7 11. h3 a6 12. Bd3 Nb4 13. Re1 Bd7 14. Bf1 Nf5 15. Nxf5 Bxf5 16. c3 Nc2 17. Nd4 Nxe3 18. Rxe3 Be4 19. Bd3 Bh2+ 20. Kh1 Bf4 21. Re2 Rae8 22. Qc2 Bxd3 23. Qxd3 Rxe2 24. Qxe2 g6 25. Re1 Rd8 26. h4 Bh6 27. g3 Bg7 28. Qe7 Qd6 29. h5 Bf6 30. Qe3 Rd7 31. Qe8+ Kg7 32. Kg2 Bxd4 33. cxd4 gxh5 34. Qe2 Qg6 35. Qe5+ Qf6 36. Qxh5 Qg6 37. Qh4 Rd6 38. Re5 h6 39. Qf4 Rf6 40. Qe3 Re6 41. Rxe6 fxe6 42. Qe5+ Kf7 43. Qc7+ Kf6 44. Qe5+ Kf7 45. Qf4+ Kg7 46. Qc7+ Kf6 47. f3 Qd3 48. Qf4+ Kg6 49. Qe5 Kf7 50. Qc7+ 1/2-1/2

[Event "FISU WUMSCC Men 2024"]
[Site "Entebbe"]
[Date "2024.06.27"]
[Round "4.3"]
[White "Defromont, Benjamin"]
[Black "Walter, Szymon"]
[Result "0-1"]
[ECO "B33"]
[WhiteElo "2380"]
[BlackElo "2313"]
[Annotator "RC"]
[PlyCount "86"]
[EventDate "2024.06.24"]
[EventType "swiss"]
[EventCountry "UGA"]
[SourceTitle "playchess.com"]
[Source "ChessBase"]
[SourceQuality "1"]
[TimeControl "5400+30"]

1. e4 c5 2. Nf3 e6 3. d4 cxd4 4. Nxd4 Nc6 5. Nc3 Nf6 6. Ndb5 d6 7. Bf4 e5 8. Bg5 a6 9. Na3 b5 10. Bxf6 gxf6 11. Nd5 Be6 12. g3 Bg7 13. Bg2 O-O 14. O-O Ne7 15. c4 Rb8 16. cxb5 axb5 17. Nc2 Bxd5 18. exd5 f5 19. Nb4 e4 20. Qe2 Qb6 21. Rfd1 Rbc8 22. Kh1 Rc7 23. f3 Rc4 24. a3 exf3 25. Bxf3 Ng6 26. Nc6 f4 27. Rf1 Qe3 28. gxf4 Qxf4 29. Rae1 Qh4 30. Rg1 Rf4 31. Rg3 Kh8 32. Reg1 Qf6 33. b4 Ra8 34. Bg2 Rf2 35. Qxb5 Nf4 36. Rf3 Rxf3 37. Bxf3 Qc3 38. Rf1 Rg8 39. a4 Bd4 40. Nxd4 Qxd4 41. Qd7 Nd3 42. Qxf7 Qg1+ 43. Rxg1 Nf2# 0-1

[Event "FISU WUMSCC Men 2024"]
[Site "Entebbe"]
[Date "2024.06.27"]
[Round "4.4"]
[White "Thilakarathne, G M H"]
[Black "Janik, Igor"]
[Result "1-0"]
[ECO "B77"]
[WhiteElo "2356"]
[BlackElo "2511"]
[Annotator "TA"]
[PlyCount "101"]
[EventDate "2024.06.24"]
[EventType "swiss"]
[EventCountry "UGA"]
[SourceTitle "playchess.com"]
[Source "ChessBase"]
[SourceQuality "1"]
[TimeControl "5400+30"]

1. e4 c5 2. Nf3 g6 3. d4 cxd4 4. Nxd4 Bg7 5. Nc3 Nc6 6. Be3 Nf6 7. Bc4 O-O 8. Bb3 d6 9. f3 Qa5 10. Qd2 Nxd4 11. Bxd4 Be6 12. O-O-O b5 13. Kb1 {[%emt 0:03:40] B77: Sicilian Dragon: Yugoslav Attack, 9 Bc4 sidelines.} b4 14. Ne2 Bxb3 15. cxb3 e5 16. Be3 d5 17. exd5 Rfd8 18. d6 Bf8 19. a4 Rxd6 20. Qc2 Nd5 $1 21. Bc1 $146 ({Predecessor:} 21. Bf2 Qd8 22. Ng3 Rc8 23. Qe2 Nf4 24. Rxd6 Qxd6 25. Qd1 Qc7 26. h4 Nxg2 27. h5 {0-1 Pfeffer,R (2255)-Kanarek,M (2484) Oberliga Nord O 1213 2012 (8.2)}) 21... Qd8 22. Ng3 f5 23. Qe2 Bg7 24. Rhe1 Rc8 25. Nf1 h5 ({Black should play} 25... Rd7 $17) 26. g3 (26. Ne3 $11 Nf4 27. Rxd6 Qxd6 28. Nc4 Nxe2 29. Nxd6 Rxc1+ 30. Rxc1 Nxc1 31. Kxc1) 26... f4 $1 $17 27. Rd2 Kh7 28. Rc2 (28. Qe4 $142) 28... Rxc2 (28... Nc3+ $1 $17 29. bxc3 bxc3) 29. Qxc2 $11 Qd7 30. Re4 Qh3 31. Qf2 Rd7 32. Nd2 Qf5 33. Ka2 $1 Nf6 34. Rxb4 Nd5 35. Rc4 a5 (35... Nb6 $11 {keeps the balance.} 36. Re4 Rc7) 36. Ne4 $16 Nb4+ 37. Kb1 g5 (37... Rd3 $142 38. Rc7 Rd7 (38... Rxb3 $2 39. Qa7 $18) 39. Rxd7 Qxd7 40. Ng5+ (40. gxf4 $2 Qd3+ 41. Ka1 Qxb3 $19) 40... Kh6) 38. Bd2 $1 $18 Nd3 39. Qg2 g4 40. Ka2 $2 (40. Bxa5 $18 {Bc3 would now be deadly.} Rd5 41. Bc3) 40... Qg6 $2 (40... gxf3 $1 $11 {and Black stays safe.} 41. Qxf3 Nxb2) 41. Bxa5 $18 Rf7 $2 (41... Qf5 42. Bc3 Nc1+ 43. Ka3 Nd3) 42. Bd2 Bh6 43. Qe2 fxg3 (43... Rd7 $142 44. fxg4 hxg4) 44. hxg3 (44. Qxd3 gxh2 45. Qf1 g3 $16) 44... Rxf3 45. Bxh6 Qxh6 46. Nd2 (46. Rc7+ Kg6 $16) 46... Qe3 {[%emt 0:00:47] [#]} 47. Qxe3 $1 Rxe3 48. a5 Rf3 49. Nxf3 gxf3 {[%emt 0:00:01] [#]} 50. a6 $1 f2 51. a7 1-0

[Event "FISU WUMSCC Men 2024"]
[Site "Entebbe"]
[Date "2024.06.27"]
[Round "4.5"]
[White "Jakab, Bela"]
[Black "Nyola Wasswa Mark"]
[Result "1/2-1/2"]
[ECO "B51"]
[WhiteElo "2390"]
[BlackElo "2067"]
[Annotator "RC"]
[PlyCount "119"]
[EventDate "2024.06.24"]
[EventType "swiss"]
[EventCountry "UGA"]
[SourceTitle "playchess.com"]
[Source "ChessBase"]
[SourceQuality "1"]
[TimeControl "5400+30"]

1. e4 c5 2. Nf3 d6 3. Bb5+ Nd7 4. O-O Ngf6 5. Re1 a6 6. Bxd7+ Qxd7 7. c4 e5 8. Nc3 b5 9. d3 h6 10. Nh4 b4 11. Na4 Qc7 12. f4 Be7 13. f5 Bd7 14. g3 Nh7 15. Ng2 Bg5 16. h4 Bxc1 17. Rxc1 Nf6 18. Ne3 g5 19. fxg6 fxg6 20. Rf1 O-O 21. Rxf6 Rxf6 22. Nd5 Qd8 23. Nab6 Rf7 24. Nxa8 Qxa8 25. Qe2 Qf8 26. Rf1 Rxf1+ 27. Qxf1 Qxf1+ 28. Kxf1 Kf7 29. Kf2 h5 30. Ke2 a5 31. Ne3 a4 32. Nc2 Bg4+ 33. Kd2 Bd7 34. a3 b3 35. Ne3 Ke7 36. Nd5+ Kd8 37. Ke2 Bg4+ 38. Kf2 Be6 39. Nc3 Bd7 40. g4 Ke7 41. Kg3 Kd8 42. Kf2 Ke7 43. Nd5+ Kd8 44. Ne3 Be8 45. Kg3 Kd7 46. Nd5 Kd8 47. Kf3 Bd7 48. gxh5 gxh5 49. Ne3 Be8 50. Ke2 Kd7 51. Kd2 Kd8 52. Kc3 Kd7 53. Nd5 Kd8 54. Nf6 Ke7 55. Nh7 Bd7 56. Ng5 Bg4 57. Kd2 Kf6 58. Ke3 Kg7 59. Nf3 Bxf3 60. Kxf3 1/2-1/2

[Event "FISU WUMSCC Men 2024"]
[Site "Entebbe"]
[Date "2024.06.27"]
[Round "4.6"]
[White "Alshnaiber, Yazeed"]
[Black "Mladek, Richard"]
[Result "0-1"]
[ECO "B90"]
[WhiteElo "1831"]
[BlackElo "2385"]
[Annotator "RC"]
[PlyCount "80"]
[EventDate "2024.06.24"]
[EventType "swiss"]
[EventCountry "UGA"]
[SourceTitle "playchess.com"]
[Source "ChessBase"]
[SourceQuality "1"]
[TimeControl "5400+30"]

1. e4 c5 2. Nf3 d6 3. d4 cxd4 4. Nxd4 Nf6 5. Nc3 a6 6. h3 e5 7. Nde2 h5 8. g3 Be7 9. Bg2 b5 10. Nd5 Nxd5 11. Qxd5 Ra7 12. Be3 Rb7 13. Qd2 Nd7 14. Nc3 Nf6 15. O-O b4 16. Nd5 Nxd5 17. Qxd5 Qc7 18. f4 h4 19. g4 Rb5 20. Qd2 exf4 21. Bxf4 O-O 22. Rad1 Be6 23. Kh1 Rc8 24. Rf2 a5 25. Bxd6 Bxd6 26. Qxd6 Qxd6 27. Rxd6 Rbc5 28. Rdd2 Bxa2 29. Bf1 a4 30. Rd4 Rb8 31. Kg2 Be6 32. Rfd2 a3 33. bxa3 bxa3 34. Ra4 Rc3 35. Kf2 a2 36. e5 Rb1 37. Rd8+ Kh7 38. Rda8 Rxc2+ 39. Be2 Rbb2 40. Re4 Bd5 0-1

[Event "FISU WUMSCC Men 2024"]
[Site "Entebbe"]
[Date "2024.06.27"]
[Round "4.7"]
[White "Szustakowski, Antoni"]
[Black "Selepe, Lwazi"]
[Result "1-0"]
[ECO "D20"]
[WhiteElo "2362"]
[BlackElo "1913"]
[Annotator "RC"]
[PlyCount "48"]
[EventDate "2024.06.24"]
[EventType "swiss"]
[EventCountry "UGA"]
[SourceTitle "playchess.com"]
[Source "ChessBase"]
[SourceQuality "1"]
[TimeControl "5400+30"]

1. d4 d5 2. c4 dxc4 3. e4 b5 4. a4 c6 5. axb5 cxb5 6. Nc3 Qb6 7. Nd5 Qb7 8. Bf4 e5 9. Bxe5 Nd7 10. Bf4 Ngf6 11. Nc7+ Kd8 12. Nxa8 Qxe4+ 13. Ne2 Qxa8 14. f3 Bb4+ 15. Bd2 Nd5 16. Bxb4 Nxb4 17. Nc3 Re8+ 18. Kf2 Qc6 19. Qd2 Nf6 20. b3 Bf5 21. bxc4 bxc4 22. Rxa7 Nc2 23. Na4 Qd6 24. Qa5+ Kc8 1-0

[Event "FISU WUMSCC Men 2024"]
[Site "Entebbe"]
[Date "2024.06.27"]
[Round "4.8"]
[White "Almuntasir, mohamed khalifah"]
[Black "Alinda Collins"]
[Result "1-0"]
[ECO "C00"]
[WhiteElo "1724"]
[BlackElo "1845"]
[Annotator "NA RC"]
[PlyCount "71"]
[EventDate "2024.06.24"]
[EventType "swiss"]
[EventCountry "UGA"]
[SourceTitle "playchess.com"]
[Source "ChessBase"]
[SourceQuality "1"]
[TimeControl "5400+30"]

1. e4 e6 2. d3 d5 3. Nd2 c5 4. g3 Nc6 5. Bg2 Nf6 6. Ngf3 Be7 7. O-O O-O 8. Re1 Qc7 9. e5 Nd7 10. Qe2 Nb4 11. Nf1 {[%emt 0:00:00] C00: French: Unusual White 2nd moves.} b5 12. Bf4 Bb7 13. a3 Nc6 14. h4 Qb6 15. h5 h6 16. N1h2 c4 17. Ng4 Rfe8 (17... cxd3 $11 {remains equal.} 18. Qxd3 Nc5) 18. Nh4 Bxh4 19. gxh4 Nd4 20. Qd2 Nf5 21. Nxh6+ Kf8 $4 (21... Nxh6 $2 {loses.} 22. Bxh6 Kh7 (22... gxh6 23. Qxh6 Qd4 24. Re3 $16) 23. Bf4 $18) (21... gxh6 $19 {and life is good for Black.} 22. Bxh6 d4 (22... Nxh4 $2 23. Qg5+ $18)) 22. Nxf5 exf5 23. d4 Kg8 24. Re3 Kh7 25. Bh3 Qe6 26. Kh2 Rg8 27. Rg1 g6 28. Rg5 Rg7 29. hxg6+ fxg6 30. h5 Rf8 31. Reg3 Kh8 32. Rxg6 Rxg6 33. Rxg6 Qe7 34. Bg5 Qe8 35. Bh4 Rf7 36. e6 1-0

[Event "FISU WUMSCC Men 2024"]
[Site "Entebbe"]
[Date "2024.06.27"]
[Round "4.9"]
[White "Musasizi, Emmanuel"]
[Black "Mthembu, Lovers"]
[Result "0-1"]
[ECO "A05"]
[WhiteElo "1966"]
[BlackElo "1876"]
[Annotator "RC"]
[PlyCount "108"]
[EventDate "2024.06.24"]
[EventType "swiss"]
[EventCountry "UGA"]
[SourceTitle "playchess.com"]
[Source "ChessBase"]
[SourceQuality "1"]
[TimeControl "5400+30"]

1. Nf3 Nf6 2. g3 g6 3. Bg2 Bg7 4. O-O O-O 5. Re1 c5 6. e4 d6 7. d3 Nc6 8. Nbd2 Qc7 9. Nf1 Bd7 10. Bg5 Ng4 11. c3 Nge5 12. h4 Rfe8 13. N3h2 c4 14. d4 Nd3 15. Re2 e5 16. d5 Ne7 17. Qd2 b5 18. h5 f5 19. h6 Bh8 20. exf5 gxf5 21. Bxe7 Rxe7 22. Qg5+ Kf8 23. Bf3 Rf7 24. Bh5 Bf6 25. Qd2 Re7 26. Nf3 Kg8 27. Ng5 Rf8 28. b4 Qb7 29. Ne6 Bxe6 30. dxe6 Rxe6 31. a4 a6 32. axb5 axb5 33. Qe3 Re7 34. Rea2 f4 35. Qe2 fxg3 36. Qg4+ Kh8 37. Ra7 gxf2+ 38. Kh2 Qxa7 39. Rxa7 Rxa7 40. Qe6 Re7 41. Qxd6 e4 42. Kh1 Ne5 43. Qc5 Bg5 44. Kg2 e3 45. Ng3 Rg8 46. Kf1 Bh4 47. Ne2 Bg5 48. Ng3 Rf8 49. Ne4 Ra8 50. Bd1 Bh4 51. Qd6 Rg8 52. Ke2 Nf3 53. Qf4 Rxe4 54. Qxe4 f1=Q+ 0-1

[Event "FISU WUMSCC Men 2024"]
[Site "Entebbe"]
[Date "2024.06.27"]
[Round "4.10"]
[White "Alrehaili, Ahmed Abdullah S"]
[Black "Hemeni, Simamnkele"]
[Result "1-0"]
[ECO "B50"]
[WhiteElo "2134"]
[BlackElo "1866"]
[Annotator "RC"]
[PlyCount "101"]
[EventDate "2024.06.24"]
[EventType "swiss"]
[EventCountry "UGA"]
[SourceTitle "playchess.com"]
[Source "ChessBase"]
[SourceQuality "1"]
[TimeControl "5400+30"]

1. e4 c5 2. Nf3 d6 3. c3 Nf6 4. h3 Nbd7 5. Bd3 b6 6. O-O Bb7 7. Re1 Qc7 8. Bc2 Rc8 9. Na3 e6 10. d4 cxd4 11. Nb5 Qc5 12. Nbxd4 Be7 13. Be3 Qh5 14. Qb1 h6 15. Ne2 Ne5 16. Nxe5 dxe5 17. a4 g5 18. f3 Rg8 19. Ng3 Qh4 20. Bf2 Bc5 21. Bxc5 bxc5 22. Nf1 h5 23. g3 Qxh3 24. Re2 g4 25. Rh2 Qxh2+ 26. Nxh2 gxf3 27. Nxf3 Rxg3+ 28. Kf2 Rg7 29. Qf1 Bxe4 30. Bxe4 Nxe4+ 31. Ke3 Nd6 32. Nxe5 Rb8 33. Rd1 Nf5+ 34. Kf4 f6 35. Qh1 fxe5+ 36. Kxe5 Ne7 37. Qxh5+ Ng6+ 38. Kf6 Rbb7 39. Re1 Rbf7+ 40. Kxe6 Re7+ 41. Kf6 Rxe1 42. Kxg7 Re6 43. Qxc5 Ne7 44. Qxa7 Rg6+ 45. Kh7 Rd6 46. Qb8+ Rd8 47. Qb5+ Kf7 48. a5 Rd5 49. Qc4 Kf8 50. Qf4+ Ke8 51. a6 1-0